 Dungeon Crawl Stone Soup version 0.29.1-13-g9f3cf754e1 (webtiles) character file.

Game seed: 18204614595083603659

20 seveneves the Grave Robber (level 2, 0/22 HPs)
             Began as a Ghoul Necromancer on Jan 27, 2023.
             Slain by an adder (3 damage)
             ... on level 2 of the Dungeon.
             The game lasted 00:14:09 (1032 turns).

seveneves the Grave Robber (Ghoul Necromancer)      Turns: 1032, Time: 00:14:11

Health: 0/22       AC:  2    Str: 11    XL:     2   Next: 79%
Magic:  1/3        EV: 12    Int: 10    God:
Gold:   72         SH:  0    Dex:  9    Spells: 3/4 levels left

rFire   . . .      SeeInvis .   j - staff of poison
rCold   + . .      Faith    .   (no shield)
rNeg    + + +      Spirit   .   a - +0 robe
rPois   ∞          Reflect  .   (no helmet)
rElec   .          Harm     .   (no cloak)
rCorr   .          Rampage  .   (no gloves)
Will    .....                   (no boots)
Stlth   ++........              (no amulet)
HPRegen 0.00/turn               (no ring)
MPRegen 0.08/turn               (no ring)

@: inhibited regen
A: claws 1, cold resistance 1, negative energy resistance 3, inhibited
regeneration, torment resistance 2, devour on kill
a: no special abilities


You were on level 2 of the Dungeon.
You visited 1 branch of the dungeon, and saw 2 of its levels.

You collected 72 gold pieces.

Inventory:

Hand Weapons
 e - a +0 whip
 f - a +0 spear
 g - a +0 short sword
Armour
 a - a +0 robe (worn)
Magical Staves
 j - a staff of poison (weapon)
Scrolls
 c - a scroll of vulnerability
 d - a scroll of butterflies {unknown}
 i - a scroll of identify
Potions
 b - a potion of magic
 k - a potion of resistance {unknown}
 l - a potion of haste


   Skills:
 + Level 0.3 Fighting
 + Level 0.1 Staves
 + Level 2.0 Dodging
 + Level 2.2 Stealth
 + Level 1.8 Spellcasting
 + Level 4.4 Necromancy


You had 3 spell levels left.
You knew the following spells:

 Your Spells              Type           Power      Damage    Failure   Level
a - Necrotise             Necr           36%        1d5       4%          1

Your spell library contained the following spells:

 Spells                   Type           Power      Damage    Failure   Level
 Vampiric Draining        Necr           9%         2d6       16%         3
 Dazzling Flash           Conj/Hex       0%         N/A       67%         3
 Animate Dead             Necr           9%         N/A       45%         4
 Agony                    Necr           9%         N/A       80%         5
 Iskenderun's Mystic Bla  Conj/Tloc      0%         2d3       97%         4
 Starburst                Conj/Fire      0%         6d3       100%        6


Dungeon Overview and Level Annotations

Branches:
Dungeon (2/15)

Altars:


Innate Abilities, Weirdness & Mutations

You are immune to poison.
You have sharp fingernails.
Your flesh is cold resistant. (rC+)
You are immune to negative energy. (rN+++)
You do not regenerate when monsters are visible.
You are immune to unholy pain and torment.
You thrive by killing the living.


Message History

Your ball python skeleton barely misses the adder. x2
The adder bites you.
* * * LOW HITPOINT WARNING * * *
Casting: Necrotise (safe; 4% risk of failure)
Confirm with . or Enter, or press ? or * to list all spells.
Aiming: Necrotise (safe; 4% risk of failure)
Press: ? - help, Shift-Dir - straight line, f - adder
Aim: an adder (ally target, chance to affect: 69%)
The adder writhes in agony.
Your ball python skeleton closely misses the adder.
Your ball python skeleton barely misses the adder.
The adder closely misses you.
Your ball python skeleton barely misses the adder.
Your ball python skeleton misses the adder.
Casting: Necrotise (safe; 4% risk of failure)
Confirm with . or Enter, or press ? or * to list all spells.
Aiming: Necrotise (safe; 4% risk of failure)
Press: ? - help, Shift-Dir - straight line, f/p - adder
Aim: an adder (lightly wounded, ally target, chance to affect: 69%)
The adder struggles to resist.
The adder barely misses you.
Casting: Necrotise (safe; 4% risk of failure)
Confirm with . or Enter, or press ? or * to list all spells.
You don't have enough magic to cast this spell.
You miss the adder.
The adder is lightly wounded.
The adder barely misses you.
Your ball python skeleton closely misses the adder.
Your ball python skeleton barely misses the adder.
The adder bites you.
* * * LOW HITPOINT WARNING * * *
Your ball python skeleton bites the adder but does no damage.
Your ball python skeleton misses the adder.
You hit the adder.
The adder is severely wounded.
The adder bites you.
* * * LOW HITPOINT WARNING * * *
Your ball python skeleton barely misses the adder.
Your ball python skeleton closely misses the adder.
The adder bites you.
You die...

#...........#.....
#....##.....#.###.
#...........#.# ##
#.#..##.....#.#
#.#..##.....#.# ###
#.#..##.....#.# ....#
#$#..##.....#.#
......##.#..##.....#.#
......ZS@...##.....#.####
..........#.##.....#.....
......##### #......#.....
.##.#. #.##...#..... .. #
#..... ## #..... #.....
#...<. ######


You could see an adder (ally target) and a friendly ball python skeleton.

Vanquished Creatures
  A bat (D:1)
  2 endoplasms (D:2)
  2 goblins
  3 hobgoblins
  2 quokkas
  4 ball pythons
  A kobold (D:1)
  3 rats
18 creatures vanquished.

Notes
Turn   | Place    | Note
-------+----------+-------------------------------------------
     0 | D:1      | seveneves the Ghoul Necromancer began the quest for the
                  | Orb.
     0 | D:1      | Reached XP level 1. HP: 14/14 MP: 2/2
   416 | D:1      | Reached XP level 2. HP: 13/20 MP: 1/3
  1032 | D:2      | Slain by an adder

Illustrated notes

Levels and vault maps discovered:
D:1:      giann_bridges, layout_loops_ring
D:2:      layout_basic, basic_altar, kennysheep_another_room, st_stairs_5

Skill      XL: |  1 |
---------------+----+-----
Dodging        | 2 |  2.0
Fighting       | |  0.3
Staves         | |  0.1
Stealth        | |  2.2
Spellcasting   | |  1.8
Necromancy     | |  4.4

Action                   || total
-------------------------++-------
Melee: Staff             ||    66
       Spear             ||     3
       Unarmed           ||     2
 Cast: Necrotise         ||    13
  Use: Scroll            ||     3
       Potion            ||     2
 Stab: Sleeping          ||     2
Armor: Robe              ||    12
Dodge: Dodged            ||    58
